 Dungeon Crawl Stone Soup version 0.20-a0-454-g2b43fbb (webtiles) character file.

14755 HarryHood the Fighter (level 12, 0/81 HPs)
             Began as a Gargoyle Berserker on Jan 8, 2017.
             Was a High Priest of Trog.
             Slain by an unseen horror (6 damage)
             ... on level 12 of the Dungeon.
             The game lasted 00:50:07 (10147 turns).

HarryHood the Fighter (Gargoyle Berserker)         Turns: 10147, Time: 00:50:07

Health: 0/81       AC: 28    Str: 24    XL:     12   Next: 19%
Magic:  12/12      EV: 11    Int:  7    God:    Trog [*****.]
Gold:   870        SH:  0    Dex: 12    Spells: 11/11 levels left

rFire  . . .     SeeInvis .     b - +0 dire flail (venom)
rCold  . . .     Gourm    .     u - +1 plate armour
rNeg   + . .     Faith    .     (shield currently unavailable)
rPois  ∞         Spirit   .     (no helmet)
rElec  +         Reflect  .     (no cloak)
rCorr  .         Harm     .     B - +1 pair of gloves
MR     +....                    (no boots)
Stlth  ..........               l - amulet of regeneration
                                (no ring)
                                L - +2 ring of protection

@: exhausted, slowed, very slow
A: magic resistance 1, negative energy resistance 1, electricity resistance,
unbreathing, petrification resistance, rot immunity, AC +8
a: Berserk, Trog's Hand, Brothers in Arms, Burn Spellbooks, Renounce Religion


You were on level 12 of the Dungeon.
You worshipped Trog.
Trog was extremely pleased with you.
You were very hungry.

You visited 2 branches of the dungeon, and saw 13 of its levels.

You collected 870 gold pieces.

Inventory:

Hand Weapons
 a - a +1 flail of protection
 b - a +0 dire flail of venom (weapon)
Armour
 u - a +1 plate armour (worn)
 B - a +1 pair of gloves (worn)
Jewellery
 j - a +3 ring of intelligence
 l - an amulet of regeneration (around neck)
 n - an uncursed ring of protection from cold
 J - an uncursed amulet of guardian spirit
 L - a +2 ring of protection (left hand)
 M - an uncursed ring of see invisible {!D}
Wands
 y - a wand of flame (5/48)
 C - a wand of digging (14/24)
Scrolls
 g - 2 scrolls of fear
 k - 3 scrolls of enchant armour
 m - 10 scrolls of remove curse {@r2}
 o - a scroll of recharging
 q - 8 scrolls of teleportation {@r0}
Potions
 d - 3 potions of curing {@q2}
 e - a potion of heal wounds {@q1}
 f - a potion of brilliance
 r - 2 potions of lignification {!q}
 s - 3 potions of mutation {!q}
 v - a potion of cancellation
 w - a potion of agility
 x - 3 potions of flight
 z - 3 potions of berserk rage
 A - a potion of ambrosia
 D - a potion of cure mutation
 E - a potion of might {unknown}
 G - a potion of haste {unknown}
 I - a potion of invisibility {unknown}
Comestibles
 c - 7 bread rations {@e1}
 h - 8 beef jerkies {@e2}
 i - 5 meat rations {@e1}
 p - 9 slices of pizza {@e2}
 F - 9 chunks of flesh


   Skills:
 - Level 12.0 Fighting
 * Level 9.8 Maces & Flails
 - Level 9.2 Armour
 - Level 9.1 Dodging


You had 11 spell levels left.
You didn't know any spells.

Dungeon Overview and Level Annotations

Branches:
Dungeon (12/15)            Temple (1/1) D:6            Lair (0/6) D:9
    Orc (0/2) D:9

Altars:
Cheibriados
Dithmenos
Elyvilon
Makhleb
Nemelex Xobeh
Qazlal
Sif Muna
Uskayaw
Vehumet
Yredelemnul

Shops:
D:6 (


Innate Abilities, Weirdness & Mutations

You are resistant to torment.
Your stone body is resilient. (AC +8)
You are immune to poison.
You resist negative energy. (rN+)
You are resistant to electric shocks. (rElec)
You can survive without breathing.
You are immune to petrification.
You are immune to rotting.
You are resistant to hostile enchantments. (MR+)


Message History

You feel your anger subside. Something hits you but does no damage.
You are too berserk!
You thump something! Something hits you but does no damage.
You are too berserk!
Unknown command.
Something hits you but does no damage. x2
You feel a strong urge to attack something.
You are no longer berserk.
Trog's vigour flows through your veins.
You are exhausted.
You feel yourself slow down.
Something hits you but does no damage. x2
Put on which piece of jewellery? (? for menu, Esc to quit)
You're wearing all the rings you can.
Remove which one? (? for menu, Esc to cancel) < or
L - a +2 ring of protection; > or
n - a ring of protection from cold You remove your ring of protection from cold.
Something hits you but does no damage. Something hits you.
You die...

#..#..# #..'..#
#..'..# #..# #..#
#..# #C.# #..#
#@.#
#..###############
#.........).......
#..))....)))......
##################


You could see an ettin.

Vanquished Creatures
  A fire dragon (D:9)
  The ghost of Fhqwhgads the Carver, a journeyman HaBe of Trog (D:10)
  A centaur warrior (D:9)
  4 two-headed ogres
  An unseen horror (D:10)
  A deep elf archer (D:9)
  Pikel (D:7)
  2 ugly things
  Joseph (D:7)
  A slime creature (D:11)
  2 hippogriffs
  A vampire (D:9)
  9 yaks
  4 hogs (D:7)
  A wraith (D:10)
  A human (D:7)
  2 water moccasins
  8 orc warriors
  A black bear (D:10)
  4 ice beasts
  3 sky beasts
  A necrophage (D:11)
  5 ogres
  A phantom (D:9)
  2 centaurs
  A crocodile (D:9)
  A big kobold (D:12)
  2 bullfrogs
  2 scorpions
  4 wights (D:11)
  A howler monkey (D:7)
  A vampire bat (D:7)
  2 crimson imps
  6 hounds
  A quasit (D:11)
  6 centaur skeletons
  2 jellies
  A gnoll shaman (D:8)
  4 orc priests
  12 orc wizards
  A bullfrog skeleton (D:8)
  Jessica (D:3)
  5 iguanas
  8 worker ants
  2 hound skeletons
  10 gnolls
  A howler monkey skeleton (D:4)
  12 adders
  A river rat (D:5)
  A shadow imp (D:6)
  An ooze (D:2)
  4 worms
  An adder skeleton (D:5)
  2 dart slugs (D:1)
  A leopard gecko (D:1)
  37 orcs
  6 giant cockroaches
  3 goblins (D:1)
  A hobgoblin (D:1)
  10 jackals
  3 kobolds (D:1)
  4 quokkas
  5 ball pythons
  8 bats
  5 frilled lizards (D:1)
  A jackal zombie (D:7)
  A leopard gecko zombie (D:7)
  A quokka zombie (D:5)
  5 rats
246 creatures vanquished.

Vanquished Creatures (others)
  2 howler monkeys (D:7)
  A ball python (D:7)
3 creatures vanquished.

Grand Total: 249 creatures vanquished

Notes
Turn   | Place    | Note
-------+----------+-------------------------------------------
     0 | D:1      | HarryHood the Gargoyle Berserker began the quest for the Orb.
     0 | D:1      | Reached XP level 1. HP: 14/14 MP: 1/1
   285 | D:1      | Reached XP level 2. HP: 17/20 MP: 2/2
   293 | D:1      | Reached skill level 4 in Fighting
   438 | D:1      | You fall through a shaft!
   784 | D:1      | Reached XP level 3. HP: 24/24 MP: 3/3
  1199 | D:2      | Found a stormy altar of Qazlal.
  1214 | D:2      | Found a hide-covered altar of Uskayaw.
  1572 | D:2      | Reached skill level 5 in Fighting
  1598 | D:2      | Reached ** piety under Trog
  1752 | D:3      | Reached XP level 4. HP: 31/31 MP: 4/4
  1886 | D:3      | Noticed Jessica
  1899 | D:3      | Killed Jessica
  2253 | D:3      | Found a snail-covered altar of Cheibriados.
  2347 | D:3      | Reached skill level 6 in Fighting
  2347 | D:3      | Reached XP level 5. HP: 23/36 MP: 5/5
  2575 | D:4      | Noticed an ogre
  2582 | D:4      | Killed an ogre
  2582 | D:4      | Reached skill level 4 in Maces & Flails
  2585 | D:4      | Reached XP level 6. HP: 41/41 MP: 6/6
  2687 | D:4      | Reached skill level 5 in Maces & Flails
  3040 | D:4      | Found a burning altar of Makhleb.
  3040 | D:4      | Noticed a green death
  3547 | D:5      | Entered Level 5 of the Dungeon
  3636 | D:5      | Reached skill level 6 in Maces & Flails
  3636 | D:5      | Reached XP level 7. HP: 35/46 MP: 7/7
  3729 | D:5      | Reached skill level 3 in Armour
  3844 | D:5      | Reached skill level 4 in Armour
  4042 | D:5      | Reached skill level 5 in Armour
  4302 | D:5      | Reached XP level 8. HP: 32/51 MP: 8/8
  4403 | D:5      | Reached *** piety under Trog
  4607 | D:5      | Reached skill level 6 in Armour
  4685 | D:6      | Found a staircase to the Ecumenical Temple.
  4694 | Temple   | Entered the Ecumenical Temple
  4723 | D:6      | Reached skill level 2 in Dodging
  4839 | D:6      | Received a gift from Trog
  4966 | D:6      | Reached skill level 3 in Dodging
  4993 | D:6      | Found Vuemedeh's Antique Weapon Shoppe.
  5184 | D:7      | Found a shadowy altar of Dithmenos.
  5185 | D:7      | Found a radiant altar of Vehumet.
  5217 | D:7      | Reached skill level 4 in Dodging
  5317 | D:7      | Noticed Joseph
  5337 | D:7      | Killed Joseph
  5337 | D:7      | Reached skill level 6 in Dodging
  5337 | D:7      | Reached XP level 9. HP: 34/55 MP: 9/9
  5512 | D:7      | Noticed Pikel
  5526 | D:7      | Killed Pikel
  5526 | D:7      | Reached skill level 8 in Fighting
  5647 | D:7      | Reached **** piety under Trog
  5823 | D:7      | Found a stormy altar of Qazlal.
  5972 | D:7      | Reached skill level 9 in Fighting
  5989 | D:7      | Reached skill level 7 in Maces & Flails
  6232 | D:8      | Reached XP level 10. HP: 66/66 MP: 10/10
  6233 | D:8      | Reached skill level 8 in Maces & Flails
  6596 | D:8      | Noticed a two-headed ogre
  6611 | D:8      | Killed a two-headed ogre
  6611 | D:8      | Reached skill level 9 in Maces & Flails
  6683 | D:8      | Received a gift from Trog
  6688 | D:8      | Found a sparkling altar of Nemelex Xobeh.
  6967 | D:9      | Found a deep blue altar of Sif Muna.
  7108 | D:9      | Found a staircase to the Lair.
  7171 | D:9      | Reached skill level 7 in Armour
  7241 | D:9      | Found a staircase to the Orcish Mines.
  7318 | D:9      | Reached skill level 8 in Armour
  7630 | D:9      | Found a basalt altar of Yredelemnul.
  7669 | D:9      | Noticed a purple ugly thing
  7677 | D:9      | Reached skill level 9 in Armour
  7688 | D:9      | Killed a purple ugly thing
  7756 | D:9      | Reached XP level 11. HP: 52/71 MP: 11/11
  7767 | D:9      | Noticed a fire dragon
  7774 | D:9      | Killed a fire dragon
  7774 | D:9      | Reached skill level 7 in Dodging
  7776 | D:9      | Noticed a centaur warrior
  7781 | D:9      | HP: 7/71 [centaur warrior/arrow (3)]
  7899 | D:9      | Killed a centaur warrior
  7899 | D:9      | Reached skill level 8 in Dodging
  7917 | D:9      | Noticed a deep elf archer
  7953 | D:9      | Killed a deep elf archer
  8010 | D:9      | Got a brightly glowing glaive
  8207 | D:9      | Found a white marble altar of Elyvilon.
  8216 | D:9      | Gained mutation: You are resistant to hostile enchantments. (MR+) [potion of beneficial mutation]
  8271 | D:10     | Entered Level 10 of the Dungeon
  8385 | D:10     | Noticed a two-headed ogre
  8399 | D:10     | Killed a two-headed ogre
  8436 | D:10     | Noticed a purple ugly thing
  8451 | D:10     | Killed a purple ugly thing
  8451 | D:10     | Reached skill level 9 in Dodging
  8624 | D:10     | Noticed Fhqwhgads's ghost (journeyman HaBe)
  8641 | D:10     | Killed Fhqwhgads's ghost
  8641 | D:10     | Reached skill level 10 in Fighting
  8793 | D:10     | Noticed a two-headed ogre
  8816 | D:10     | Killed a two-headed ogre
  8899 | D:10     | Noticed an unseen horror
  8912 | D:10     | Killed an unseen horror
  8912 | D:10     | Reached skill level 11 in Fighting
  9300 | D:11     | Reached ***** piety under Trog
  9497 | D:11     | Reached XP level 12. HP: 74/80 MP: 12/12
  9794 | D:11     | Reached skill level 12 in Fighting
 10068 | D:12     | Noticed a two-headed ogre
 10080 | D:12     | Killed a two-headed ogre
 10080 | D:12     | Received a gift from Trog
 10135 | D:12     | Noticed an ettin
 10140 | D:12     | HP: 10/121 [ettin/dire flail of protection (24)]
 10140 | D:12     | HP: 4/121 [ettin/dire flail of protection (6)]
 10147 | D:12     | Slain by an unseen horror

Vault maps used:
D:1:      eino_arrival_cavern_d
D:2:      eat_drink_and_be_merry_uskayaw, grunt_qazlal_clouds
D:3:      lemuel_doored_altar, uniq_jessica
D:4:      first_bread, makhleb_altar_promises_db
D:5:      portal_sewer_entry_e
D:6:      serial_shops, shop
D:7:      grunt_temple_overflow_open, basic_altar, roderic_batcave,
          grunt_livestock, uniq_joseph, uniq_pikel
D:8:      nemelex_lonely_heart_becter
D:9:      minmay_sliced_demisemicircle, kennysheep_ying_yang,
          nicolae_overflow_crystal_walls, lair_entry_dummy, orc_david_3,
          roderic_serpentine_path, eino_tiny_chamber
D:12:     lemuel_traditional_vault
Temple:   jpeg_temple_clearing

Skill      XL: |  1  2  3  4  5  6  7  8  9 10 11 12 |
---------------+-------------------------------------+-----
Fighting       | 4 5 6 9 11 12 | 12.0
Maces & Flails | 4 6 7 9 |  9.8
Armour         | 5 6 9 |  9.2
Dodging        | 6 9 |  9.1

Action                   |  1- 3 |  4- 6 |  7- 9 | 10-12 || total
-------------------------+-------+-------+-------+-------++-------
Melee: Mace              |    90 |   117 |       |       ||   207
       Flail             |       |    28 |   425 |   618 ||  1071
       Dire flail        |       |       |       |    31 ||    31
Invok: Berserk           |       |     2 |     2 |     8 ||    12
       Burn Spellbooks   |       |       |     2 |     1 ||     3
  Use: Scroll            |     7 |     8 |     5 |     7 ||    27
       Potion            |       |       |       |     2 ||     2
  Eat: Chunk             |     3 |     6 |    11 |    20 ||    40
       Royal jelly       |       |     1 |       |       ||     1
Armor: Chain mail        |    55 |    72 |    93 |       ||   220
       Plate armour      |       |       |   253 |   427 ||   680
Dodge: Dodged            |    43 |    58 |   176 |   299 ||   576
